 Dungeon Crawl Stone Soup version 0.29-a0-834-g1e95ca9f62 (webtiles) character file.

Game seed: 8551016698020512732

334 pokeman the Magician (level 6, -4/34 HPs)
             Began as a Deep Elf Hedge Wizard on July 12, 2022.
             Slain by Duvessa
             ... wielding a +4 short sword
              (15 damage)
             ... on level 4 of the Dungeon.
             The game lasted 00:09:19 (4546 turns).

pokeman the Magician (Deep Elf Hedge Wizard)        Turns: 4546, Time: 00:09:19

Health: -4/34      AC:  7    Str:  7    XL:     6   Next: 27%
Magic:  10/27      EV: 12    Int: 21    God:
Gold:   199        SH:  0    Dex: 14    Spells: 8/19 levels left

rFire   . . .      SeeInvis .   w - +2 dagger (drain)
rCold   . . .      Faith    .   (no shield)
rNeg    . . .      Spirit   .   l - +0 leather armour
rPois   .          Reflect  .   o - +0 helmet
rElec   .          Harm     .   (no cloak)
rCorr   .          Rampage  .   i - +2 pair of gloves
Will    .....                   (no boots)
Stlth   ++........              c - amulet of regeneration
HPRegen 0.91/turn               e - ring of magical power
MPRegen 0.20/turn               (no ring)

@: on blink cooldown, very slightly contaminated
A: no striking features
a: no special abilities


You were on level 4 of the Dungeon.
You visited 1 branch of the dungeon, and saw 4 of its levels.

You collected 199 gold pieces.

Inventory:

Hand Weapons
 w - a +2 dagger of draining (weapon)
Armour
 i - a +2 pair of gloves (worn)
 l - a +0 leather armour (worn)
 o - a +0 helmet (worn)
Jewellery
 c - an amulet of regeneration (around neck)
 e - a ring of magical power (left hand)
Scrolls
 a - 5 scrolls of teleportation {unknown}
 g - a scroll of noise {unknown}
 n - a scroll of amnesia {unknown}
 p - 3 scrolls of identify {unknown}
 s - a scroll of poison {unknown}
 t - a scroll of vulnerability {unknown}
 v - a scroll of torment {unknown}
Potions
 d - a potion of magic
 f - 2 potions of haste {unknown}
 h - 2 potions of curing {unknown}
 j - a potion of flight {unknown}
 k - a potion of mutation {unknown}
 m - 3 potions of heal wounds {unknown}
 q - a potion of invisibility {unknown}
 r - 3 potions of berserk rage {unknown}
 u - a potion of attraction {unknown}


   Skills:
 + Level 1.0 Fighting
 - Level 1.1 Armour
 - Level 3.2 Dodging
 - Level 3.2 Stealth
 * Level 7.0 Spellcasting
 + Level 3.1 Conjurations
 - Level 1.1 Summonings
 - Level 1.1 Translocations
 - Level 1.1 Fire Magic
 - Level 1.1 Air Magic
 + Level 0.0 Poison Magic


You had 8 spell levels left.
You knew the following spells:

 Your Spells              Type           Power      Damage    Failure   Level
a - Magic Dart            Conj           80%        1d7       3%          1
b - Mephitic Cloud        Conj/Pois/Air  13%        N/A       22%         3
c - Call Imp              Summ           12%        N/A       12%         2
d - Blink                 Tloc           24%        N/A       12%         2
e - Conjure Flame         Conj/Fire      16%        6-21      16%         3

Your spell library contained the following spells:

 Spells                   Type           Power      Damage    Failure   Level
 Searing Ray              Conj           40%        2d5       5%          2
 Slow                     Hex            28%        N/A       13%         1
 Confusing Touch          Hex            7%         N/A       36%         3
 Vampiric Draining        Necr           7%         2d6       36%         3
 Fulminant Prism          Conj/Hex       7%         3d7       54%         4


Dungeon Overview and Level Annotations

Branches:
Dungeon (4/15)
 Temple: D:4-7

Altars:
Qazlal

Shops:
D:4 [

Annotations:
D:4 Duvessa


Message History

Anything else - Cancel.
You shout for attention!
What are your orders? t - Shout!
Orders for allies: a - Attack new target. r - Retreat! s - Stop attacking. g - Guard the area. f - Follow me.
Anything else - Cancel.
You shout for attention!
Duvessa rages.
Casting: Conjure Flame (quite dangerous; 16% risk of failure)
Confirm with . or Enter, or press ? or * to list all spells.
A beastly little devil appears in a puff of flame.
Duvessa is engulfed in blazing flames.
Unknown command.
Duvessa is engulfed in blazing flames. x2
Duvessa hits you with a +4 short sword!
Your crimson imp blinks!
Unknown command.
You closely miss Duvessa.
Duvessa is moderately wounded.
Duvessa is engulfed in blazing flames.
Duvessa hits you with a +4 short sword!
* * * LOW HITPOINT WARNING * * *
Unknown command.
Unknown command.
Casting: Call Imp (safe; 12% risk of failure)
Confirm with . or Enter, or press ? or * to list all spells.
You blink.
Duvessa is engulfed in blazing flames. x2
Unknown command.
Casting: Blink (safe; 12% risk of failure)
Confirm with . or Enter, or press ? or * to list all spells.
The spell is quite dangerous to miscast (22% risk of failure)!
Continue anyway?
Aiming: Mephitic Cloud (quite dangerous; 22% risk of failure)
Press: ? - help, Shift-Dir - straight line, f - Duvessa
Aim: Duvessa, wielding a +4 short sword and wearing a +1 leather armour of willpower (severely wounded, berserk, chance to affect: 81%) That beam is likely to hit you.
Continue anyway?
You miscast Mephitic Cloud.
You are very lightly contaminated with residual magic.
Nothing appears to happen.
Duvessa hits you with a +4 short sword!
You die...

≈≈≈≈8..≈#.....##
##........... #
≈≈..≈#.#...## #..###......
#≈..≈##.....# #..######...
#≈..≈#......##
#......##### #
##≈..≈#.......##
#...........
###≈≈..≈#........#
##....#.....
≈≈≈≈8..≈#........#
##.........
.......≈#....##..##
#.........
.......≈#...####@.#
#.#######. ≈≈≈≈≈≈≈≈#...##
##e## ##.# #.
#########....#####§## #..#
##.
#...........####☼###.##
##..
##.............###.....#
##.##
##...............###..>.#
##..#
#.................#.....#
#..##
##.....................###
#..#
#......................#
##.##


You could see Duvessa (berserk).

Vanquished Creatures
  A scorpion (D:4)
  Dowan (D:4)
  An orc priest (D:4)
  4 orc wizards
  An adder (D:3)
  A worm (D:3)
  A dart slug (D:1)
  16 orcs
  6 bats
  6 endoplasms
  3 giant cockroaches
  7 goblins
  7 hobgoblins
  3 jackals (D:4)
  2 quokkas (D:1)
  3 ball pythons
  2 frilled lizards (D:1)
  6 kobolds
  6 rats
77 creatures vanquished.

Vanquished Creatures (others)
  3 plants (D:1)
3 creatures vanquished.

Grand Total: 80 creatures vanquished

Notes
Turn   | Place    | Note
-------+----------+-------------------------------------------
     0 | D:1      | pokeman the Deep Elf Hedge Wizard began the quest for the
                  | Orb.
     0 | D:1      | Reached XP level 1. HP: 10/10 MP: 7/7
   232 | D:1      | Reached XP level 2. HP: 15/15 MP: 3/9
   836 | D:1      | Reached skill level 5 in Spellcasting
  1081 | D:1      | Found a faded altar of an unknown god.
  1085 | D:1      | Reached XP level 3. HP: 20/20 MP: 11/11
  1089 | D:1      | Learned a level 3 spell: Mephitic Cloud
  1092 | D:1      | Learned a level 2 spell: Call Imp
  1095 | D:1      | Learned a level 2 spell: Blink
  1099 | D:1      | Learned a level 3 spell: Conjure Flame
  2124 | D:3      | Found a stormy altar of Qazlal.
  2124 | D:3      | Noticed an earth elemental
  2127 | D:3      | Noticed a water elemental
  2127 | D:3      | Noticed an air elemental
  2127 | D:3      | Noticed a fire elemental
  2456 | D:3      | Reached skill level 1 in Fighting
  2463 | D:3      | Reached skill level 1 in Armour
  2463 | D:3      | Reached XP level 4. HP: 25/25 MP: 11/13
  2956 | D:3      | Reached skill level 6 in Spellcasting
  3062 | D:3      | Reached XP level 5. HP: 29/29 MP: 15/15
  3489 | D:4      | Noticed Duvessa
  3666 | D:4      | Found Sakleeb's Armour Emporium.
  4222 | D:4      | Reached XP level 6. HP: 34/34 MP: 17/17
  4427 | D:4      | Noticed Dowan
  4470 | D:4      | Killed Dowan
  4471 | D:4      | Reached skill level 7 in Spellcasting
  4471 | D:4      | Reached skill level 1 in Fire Magic
  4471 | D:4      | Reached skill level 1 in Air Magic
  4546 | D:4      | Slain by Duvessa

Illustrated notes

Levels and vault maps discovered:
D:1:      dpeg_arrival_refuge, layout_basic, dilly_ecumenical_altar_fadedgnrine,
          chequers_big_river
D:2:      layout_basic, grunt_ministairs_5
D:3:      layout_basic, nicolae_qazlal_style_of_elements,
          kennysheep_minor_cross, nicolae_figureground_sparkle
D:4:      layout_layer_cave, serial_shops, nicolae_shop_hallway_plus,
          kennysheep_path_1, dreamdust_wishing_well, uniq_duvessa

Skill      XL: |  1  2  3  4  5  6 |
---------------+-------------------+-----
Spellcasting   | 5 6 7 |  7.0
Fighting       | 1 |  1.0
Armour         | 1 |  1.1
Conjurations   | 2 3 |  3.1
Dodging        | 3 |  3.2
Stealth        | 3 |  3.2
Fire Magic     | 1 |  1.1
Air Magic      | 1 |  1.1
Summonings     | |  1.1
Translocations | |  1.1

Action                   |  1- 3 |  4- 6 || total
-------------------------+-------+-------++-------
Melee: Short sword       |     6 |    24 ||    30
       Dagger            |       |     1 ||     1
 Cast: Magic Dart        |   114 |   109 ||   223
       Mephitic Cloud    |     1 |    12 ||    13
       Conjure Flame     |       |     6 ||     6
       Call Imp          |       |     2 ||     2
       Blink             |       |     1 ||     1
 Stab: Confused          |     1 |     2 ||     3
Armor: Robe              |     2 |       ||     2
       Leather armour    |     2 |    24 ||    26
Dodge: Dodged            |    12 |    22 ||    34

Table legend: (Time is in decaauts)
 A = Elapsed time spent in this place.
 B = Non-inter-level travel time spent in this place.
 C = Inter-level travel time spent in this place.
 D = Time resting spent in this place.
 E = Time spent auto-exploring this place.
 F = Levels seen in this place.
 G = Mean time per level.
                   A        B        C        D        E       F      G
               +--------+--------+--------+--------+--------+-----+--------+
         Total |   4566 |   4407 |    159 |    142 |   3615 |   4 | 1141.5 |
       Dungeon |   4566 |   4407 |    159 |    142 |   3615 |   4 | 1141.5 |
               +--------+--------+--------+--------+--------+-----+--------+

Top non-repeatable levels by time:
     D:1: 1367 daAuts
     D:4: 1217 daAuts
     D:3: 1119 daAuts
     D:2: 862 daAuts
